 Dungeon Crawl Stone Soup version 0.23.2-11-gf996548c65 (webtiles) character file.

Game seed: 8792470882044708980

736 diana the Slasher (level 7, -3/61 HPs)
             Began as a Minotaur Fighter on June 4, 2019.
             Killed by divine providence
             ... invoked by an orc priest
              (11 damage)
             ... on level 6 of the Dungeon.
             The game lasted 00:05:16 (2512 turns).

diana the Slasher (Minotaur Fighter)                Turns: 2512, Time: 00:05:16

Health: -3/61      AC:  7    Str: 22    XL:     7   Next: 46%
Magic:  6/6        EV:  9    Int:  5    God:
Gold:   157        SH: 10    Dex: 10    Spells: 6/6 levels left

rFire    + . .     SeeInvis .   a - +0 long sword
rCold    x . .     Gourm    .   c - +0 shield
rNeg     . . .     Faith    .   b - +0 scale mail
rPois    .         Spirit   .   (helmet restricted)
rElec    .         Reflect  .   (no cloak)
rCorr    .         Harm     .   (no gloves)
MR       .....                  (no boots)
Stlth    ..........             (no amulet)
HPRegen  0.20/turn              l - ring of fire
MPRegen  0.10/turn              (no ring)

@: no status effects
A: retaliatory headbutt, horns 2
a: no special abilities


You were on level 6 of the Dungeon.
You were hungry.

You visited 1 branch of the dungeon, and saw 7 of its levels.

You collected 177 gold pieces.
You spent 20 gold pieces at shops.

Inventory:

Hand Weapons
 a - a +0 long sword (weapon)
Armour
 b - a +0 scale mail (worn)
 c - a +0 shield (worn)
Jewellery
 l - a ring of fire (left hand)
Scrolls
 h - 2 scrolls of teleportation
 i - a scroll of amnesia
 k - 3 scrolls of enchant armour
 n - a scroll of identify
 p - a scroll of immolation {unknown}
 r - a scroll of remove curse {unknown}
 s - a scroll of fear {unknown}
Potions
 d - 2 potions of might
 g - a potion of brilliance {unknown}
 j - a potion of agility {unknown}
 m - 2 potions of haste {unknown}
 o - 2 potions of berserk rage {unknown}
 q - a potion of heal wounds {unknown}
 t - a potion of curing {unknown}
Comestibles
 f - 4 rations


   Skills:
 + Level 5.4 Fighting
 * Level 6.1 Long Blades
 + Level 5.4 Armour
 + Level 3.3 Dodging
 + Level 5.4 Shields


You had 6 spell levels left.
You didn't know any spells.
Your spell library was empty.

Dungeon Overview and Level Annotations

Branches:
Dungeon (7/15)
 Temple: D:4-7

Altars:
Dithmenos
Kikubaaqudgha
Makhleb
Wu Jian
Xom

Shops:
D:4 **


Innate Abilities, Weirdness & Mutations

You reflexively headbutt those who attack you in melee.
You have a pair of horns on your head.


Message History

The orc priest is severely wounded.
The orc priest invokes the aid of Beogh against you.
Beogh smites you!
* * * LOW HITPOINT WARNING * * *
You block the orc priest's attack. The orc priest closely misses you.
You riposte.
You completely miss the orc priest. Your headbutt misses the orc priest.
The orc priest is severely wounded.
You hit the orc priest. Your headbutt misses the orc priest.
The orc priest is almost dead.
The orc priest casts a cantrip, but nothing happens.
The orc priest looks encouraged for a moment.
The orc priest hits you from afar with a +0 trident.
* * * LOW HITPOINT WARNING * * *
Unknown command.
You hit the orc priest but do no damage.
The orc priest is almost dead.
The orc priest calls down the wrath of Beogh upon you.
Beogh smites you!
You die...

.# *,,,..,####**,*,* '##
****#.##..,,,,*,* ..#
#o.#.#***,*,* ..# *#.#.#
*,*,* ..# #...# *,*,*
.## ##^.# *,#,* .# #..#
*.#,* .# ##.####.#,* .#
#.#@...#.# .# #oo......#
.# #)).##.### .#
##..#*,# .# #..#*,** .#
######## ###.#*,,* .#
#......# #...#**,**
.####......###...##*,,*
....'.............#**,**


You could see 2 orc priests.

Vanquished Creatures
  A sky beast (D:4)
  A bullfrog (D:6)
  A water moccasin zombie (D:6)
  2 howler monkeys (D:4)
  A vampire bat (D:2)
  A centaur zombie (D:7)
  2 hounds (D:4)
  2 iguanas
  2 worker ants (D:4)
  5 gnolls
  5 adders
  2 oozes
  2 worms
  2 dart slugs
  3 orcs
  3 bat skeletons (D:2)
  2 bat zombies (D:2)
  9 giant cockroaches
  10 hobgoblins
  17 jackals
  2 quokkas
  9 bats
  2 frilled lizards
  9 goblins
  A jackal zombie (D:4)
  7 kobolds
  A quokka skeleton (D:4)
  7 rats
  A toadstool (D:1)
112 creatures vanquished.

Vanquished Creatures (others)
  3 toadstools (D:1)
3 creatures vanquished.

Grand Total: 115 creatures vanquished

Notes
Turn   | Place    | Note
-------+----------+-------------------------------------------
     0 | D:1      | diana the Minotaur Fighter began the quest for the Orb.
     0 | D:1      | Reached XP level 1. HP: 19/19 MP: 0/0
    27 | D:1      | Reached XP level 2. HP: 21/27 MP: 1/1
    96 | D:1      | Reached skill level 1 in Dodging
   101 | D:1      | Reached skill level 3 in Long Blades
   147 | D:1      | Reached XP level 3. HP: 22/33 MP: 2/2
   382 | D:1      | You fall through a shaft!
   433 | D:2      | Reached XP level 4. HP: 34/40 MP: 3/3
   617 | D:2      | Found an ancient bone altar of Kikubaaqudgha.
   623 | D:2      | Reached skill level 4 in Long Blades
   623 | D:2      | Reached XP level 5. HP: 47/47 MP: 4/4
  1467 | D:3      | Found a basalt altar of Yredelemnul.
  1469 | D:3      | Found a shadowy altar of Dithmenos.
  1469 | D:3      | Found a shimmering altar of Xom.
  1471 | D:3      | Found an ancient bone altar of Kikubaaqudgha.
  1471 | D:3      | Found a shimmering altar of Xom.
  1471 | D:3      | Found an ornate altar of the Wu Jian Council.
  1600 | D:4      | Found Zokh's General Store.
  1607 | D:4      | Bought a scroll of identify for 20 gold pieces
  1620 | D:4      | Reached XP level 6. HP: 51/53 MP: 5/5
  1762 | D:4      | Reached skill level 5 in Long Blades
  1816 | D:4      | Noticed a sky beast
  1828 | D:4      | Killed a sky beast
  1828 | D:4      | Reached skill level 5 in Armour
  1853 | D:4      | Reached skill level 5 in Fighting
  2019 | D:4      | Reached skill level 5 in Shields
  2070 | D:4      | Found Zysk's General Store.
  2089 | D:4      | Found a burning altar of Makhleb.
  2159 | D:5      | Entered Level 5 of the Dungeon
  2212 | D:5      | Reached XP level 7. HP: 39/61 MP: 6/6
  2330 | D:5      | You fall through a shaft for 2 floors!
  2376 | D:6      | Reached skill level 6 in Long Blades
  2512 | D:6      | Killed from afar by an orc priest

Skill      XL: |  1  2  3  4  5  6  7 |
---------------+----------------------+-----
Dodging        | 1 2 3 |  3.3
Long Blades    | 3 4 5 6 |  6.1
Armour         | 4 5 |  5.4
Shields        | 4 5 |  5.4
Fighting       | 4 5 |  5.4

Action                   |  1- 3 |  4- 6 |  7- 9 || total
-------------------------+-------+-------+-------++-------
Melee: Long sword        |    98 |   167 |    54 ||   319
       Headbutt          |    15 |    24 |     8 ||    47
  Use: Scroll            |       |       |     5 ||     5
  Eat: Chunk             |       |     4 |     1 ||     5
Armor: Scale mail        |    32 |    86 |    20 ||   138
Dodge: Dodged            |    27 |    53 |    16 ||    96
Block: Shield            |    52 |    89 |    29 ||   170
       Rpst.: Long sword |     4 |    11 |     5 ||    20
